 Dungeon Crawl Stone Soup version 0.31-a0-818-ge7c7cf74f0 (webtiles) character file.

Game seed: 9149604788599959156

468 Kurtz the Chopper (level 7, -2/47 HPs)
             Began as an Octopode Fighter on Sept 23, 2023.
             Was an Initiate of Gozag.
             Slain by an ice beast (13 damage)
             ... on level 5 of the Dungeon.
             The game lasted 00:03:37 (3319 turns).

Kurtz the Chopper (Octopode Fighter)                Turns: 3319, Time: 00:03:38

Health: -2/47      AC:  1    Str: 15    XL:     7   Next: 8%
Magic:  7/7        EV: 15    Int: 10    God:    Gozag
Gold:   108        SH:  5    Dex: 20    Spells: 6/6 levels left

rFire   . . .        a - +0 war axe
rCold   . . .        b - +0 buckler
rNeg    . . .        (helmet restricted)
rPois   .            (no amulet)
rElec   .            j - +6 ring of dexterity
rCorr   .            l - +4 ring of slaying
SInv    .            (no ring)
Will    .....        (no ring)
Stlth   +++          (no ring)
HPRegen 0.27/turn    (no ring)
MPRegen 0.10/turn    (no ring)
                     (no ring)

%: no passive effects
@: no status effects
A: almost no armour, amphibious, 8 rings, camouflage 1, gelatinous body 1,
(nimble swimmer 1), tentacles
a: Renounce Religion, Potion Petition, Call Merchant, Bribe Branch


You were on level 5 of the Dungeon.
You worshipped Gozag.
Gozag was aware of your devotion.
You visited 1 branch of the dungeon, and saw 5 of its levels.

You collected 272 gold pieces.
You spent 110 gold pieces at shops.
You paid 54 gold pieces to Gozag.

Inventory:

Hand Weapons
 a - a +0 war axe (weapon)
 t - the +2 mace "Jellybane" {pain, +Blink rF+ Dex-2}
   (You found it on level 4 of the Dungeon)

   Dex-2:     It affects your dexterity (-2).
   rF+:       It protects you from fire.
   +Blink:    It lets you blink.
Missiles
 w - 2 poisoned darts (quivered)
Armour
 b - a +0 buckler (worn)
Jewellery
 j - a +6 ring of dexterity (left tentacle)
 l - a +4 ring of slaying (right tentacle)
Wands
 x - a wand of digging (6)
Scrolls
 d - a scroll of amnesia {unknown}
 e - a scroll of brand weapon {unknown}
 f - a scroll of enchant armour {unknown}
 g - a scroll of enchant weapon {unknown}
 i - 4 scrolls of identify {unknown}
 k - a scroll of fog {unknown}
 p - a scroll of revelation {unknown}
 s - a scroll of torment {unknown}
 u - a scroll of poison {unknown}
Potions
 c - 2 potions of might
 h - a potion of brilliance {unknown}
 m - 2 potions of heal wounds
 n - a potion of mutation {unknown}
 o - 2 potions of enlightenment
 q - a potion of degeneration {unknown}
 r - 3 potions of curing {unknown}
 v - a potion of magic {unknown}


   Skills:
 - Level 3.8 Fighting
 * Level 6.1 Axes
 - Level 4.4 Dodging
 - Level 3.0 Shields


You had 6 spell levels left.
You didn't know any spells.
Your spell library contained the following spells:

 Spells                   Type           Power      Damage    Failure   Level
 Gell's Gravitas          Tloc           0%         N/A       83%         3
 Hailstorm                Conj/Ice       0%         3d3       83%         3
 Teleport Other           Tloc           0%         N/A       83%         3
 Summon Ice Beast         Ice/Summ       0%         N/A       99%         4
 Dispersal                Tloc           0%         N/A       100%        6
 Simulacrum               Ice/Necr       Unusable   N/A       N/A         6

Dungeon Overview and Level Annotations

Branches:
Dungeon (5/15)
 Temple: D:4-7

Altars:
Gozag
Hepliaklqana
Uskayaw
Yredelemnul
The Shining One

Shops:
D:3 !   D:5 [*[


Innate Abilities, Weirdness & Mutations

You cannot wear most types of armour.
You are amphibious.
You can wear up to eight rings at the same time.
Your skin changes colour to match your surroundings (Stealth+).
Your rubbery body absorbs attacks. (AC +1, EV +1)
((You are camouflaged when in or above water. (Stealth+)))
You have tentacles for arms and can constrict up to eight enemies at once.


Message History

There is an entrance to Moupsahe's General Store here.
You can access your shopping list by pressing '$'.
w - 2 poisoned darts (gained 1)
A hound comes into view.
A hound is nearby!
Found a potion of enlightenment.
The hound barks!
The hound closely misses you. The hound barely misses you.
You slash the hound! Your grab misses the hound.
The hound is severely wounded.
You block the hound's attack. x2
You hit the hound.
You kill the hound!
You now have 108 gold pieces (gained 6).
There is an entrance to Kiwyime's Armour Shoppe here.
m - 3 potions of heal wounds (gained 1) As you open the door, it creaks loudly!
An ice beast comes into view.
Found 12 gold pieces.
An ice beast is nearby!
Found 12 gold pieces.
There is an open door here.
The ice beast hits you. The ice beast freezes you!
You hit the ice beast but do no damage. The ice beast hits you.
The ice beast freezes you!
You are too injured to fight recklessly!
You are too injured to fight recklessly!
You slash the ice beast!
The ice beast is moderately wounded.
The ice beast hits you. The ice beast freezes you!
* * * LOW HITPOINT WARNING * * *
The ice beast misses you.
You feel much better. The ice beast hits you. The ice beast freezes you!
You hit the ice beast. Your squeeze misses the ice beast.
The ice beast is moderately wounded.
The ice beast hits you.
* * * LOW HITPOINT WARNING * * *
The ice beast freezes you!
You die...
Your body crumbles into a pile of gold.

#....∩...#[#.#[#[#
#####
#........###.###.#
#...............)#
#........#.##+#####
..#########........#
... ##.......# ..
#.......#
####'#######
#...@.......
#...Y.....$.
#...........
#...........
###.........
#$........
#.........
..........
..........


You could see an ice beast.

Vanquished Creatures
  An ogre (D:5)
  A gnoll sergeant (D:5)
  A howler monkey (D:4)
  An orc priest (D:3)
  A hound (D:5)
  An iguana (D:5)
  An orc wizard (D:3)
  5 gnolls (D:5)
  3 adders
  An ufetubus (D:4)
  A worm (D:2)
  A dart slug (D:3)
  13 orcs
  2 bats
  6 endoplasms
  4 giant cockroaches
  5 goblins
  9 hobgoblins
  3 jackals (D:1)
  5 kobolds
  3 quokkas
  8 ball pythons
  2 frilled lizards
  4 rats
82 creatures vanquished.

Notes
Turn   | Place    | Note
-------+----------+-------------------------------------------
     0 | D:1      | Kurtz the Octopode Fighter began the quest for the Orb.
     0 | D:1      | Reached XP level 1. HP: 16/16 MP: 1/1
   127 | D:1      | Reached XP level 2. HP: 21/21 MP: 2/2
   568 | D:1      | Reached XP level 3. HP: 21/26 MP: 3/3
   895 | D:2      | Found a faded altar of an unknown god.
  1375 | D:2      | Reached skill level 3 in Axes
  1713 | D:3      | Reached XP level 4. HP: 31/31 MP: 4/4
  1838 | D:3      | Found Tais's Distillery.
  1857 | D:3      | Reached skill level 4 in Axes
  1857 | D:3      | Reached XP level 5. HP: 29/36 MP: 5/5
  1864 | D:3      | Bought a potion of heal wounds for 55 gold pieces
  1864 | D:3      | Bought a potion of enlightenment for 55 gold pieces
  2361 | D:4      | Found a basalt altar of Yredelemnul.
  2380 | D:4      | Found a glowing golden altar of the Shining One.
  2449 | D:4      | Found a hide-covered altar of Uskayaw.
  2456 | D:4      | Found an opulent altar of Gozag.
  2458 | D:4      | Found a hazy altar of Hepliaklqana.
  2468 | D:4      | Identified the +2 mace "Jellybane" {pain, +Blink rF+ Dex-2}
  2601 | D:4      | Became a worshipper of Gozag Ym Sagoz the Greedy
  3010 | D:5      | Entered Level 5 of the Dungeon
  3053 | D:5      | Noticed an animated plate armour
  3054 | D:5      | Found Jitasyosch's Armour Emporium.
  3061 | D:5      | Noticed an animated crystal plate armour
  3082 | D:5      | Reached skill level 5 in Axes
  3082 | D:5      | Reached XP level 6. HP: 38/43 MP: 6/6
  3142 | D:5      | Found Kiwyime's Armour Shoppe.
  3143 | D:5      | Found Moupsahe's General Store.
  3173 | D:5      | Reached skill level 6 in Axes
  3173 | D:5      | Reached XP level 7. HP: 24/47 MP: 7/7
  3319 | D:5      | Slain by an ice beast

Illustrated notes

Levels and vault maps discovered:
D:1:      sevenhm_arrival_forest_fort_large_2, layout_basic
D:2:      kb_forest_paths, layout_basic, nicolae_ecumenical_oubliette
D:3:      minmay_angry_zag, layout_loops_ring, serial_shops, shop
D:4:      layout_basic, mainiacjoe_overflow_catwalk,
          nicolae_overflow_macrodata_refinement, hex_medium
D:5:      layout_basic, mainiacjoe_overflow_boulevard, serial_shops,
          nicolae_shop_mannequins, shop, shop, shop, minmay_shop_damaged,
          feat_on_display, uniq_grinder, uniq_crazy_yiuf_cottage

Skill      XL: |  1  2  3  4  5  6 |
---------------+-------------------+-----
Axes           | 3 4 5 6 |  6.1
Dodging        | 4 |  4.4
Fighting       | |  3.8
Shields        | |  3.0

Action                     |  1- 3 |  4- 6 |  7- 9 || total
---------------------------+-------+-------+-------++-------
  Melee: War axe           |    56 |    65 |     5 ||   126
         Constrict         |    17 |    15 |       ||    32
         Tentacles         |     8 |    13 |       ||    21
         Punch             |     2 |       |       ||     2
  Throw: Dart              |       |     2 |       ||     2
    Use: Potion            |       |     1 |     1 ||     2
   Stab: Sleeping          |     6 |     1 |       ||     7
 Armour: Skin              |    16 |    23 |     5 ||    44
  Dodge: Dodged            |    26 |    48 |     3 ||    77
  Block: Buckler           |    11 |    10 |     2 ||    23

Table legend: (Time is in decaauts)
 A = Elapsed time spent in this place.
 B = Non-inter-level travel time spent in this place.
 C = Inter-level travel time spent in this place.
 D = Time resting spent in this place.
 E = Time spent auto-exploring this place.
 F = Levels seen in this place.
 G = Mean time per level.
                   A        B        C        D        E       F      G
               +--------+--------+--------+--------+--------+-----+--------+
         Total |   3369 |   3023 |    346 |    183 |   2250 |   5 |  673.8 |
       Dungeon |   3369 |   3023 |    346 |    183 |   2250 |   5 |  673.8 |
               +--------+--------+--------+--------+--------+-----+--------+

Top non-repeatable levels by time:
     D:1: 931 daAuts
     D:3: 913 daAuts
     D:2: 782 daAuts
     D:4: 425 daAuts
     D:5: 315 daAuts
